 Dungeon Crawl Stone Soup version 0.30.1-9-gdf580d7c3d (webtiles) character file.

Game seed: 12690600031566360085

159 lonewolfV2 the Chopper (level 5, -7/42 (47) HPs)
             Began as a Hill Orc Fighter on Sept 26, 2023.
             Killed from afar by an orc wizard (13 damage)
             ... with a puff of flame
             ... on level 4 of the Dungeon.
             The game lasted 00:03:48 (2516 turns).

lonewolfV2 the Chopper (Hill Orc Fighter)           Turns: 2516, Time: 00:03:48

HP:   -7/42 (47)    AC:  7    Str: 21    XL:     5   Next: 40%
MP:   14/14         EV:  9    Int:  8    God:
Gold: 240           SH:  4    Dex:  5    Spells: 4/4 levels left

rFire   . . .        p - +8 broad axe of Infinity {heavy, Fly rPois MP+9 Dex-5}
rCold   . . .        c - +0 buckler
rNeg    . . .        b - +0 scale mail
rPois   +            (no helmet)
rElec   .            (no cloak)
rCorr   .            (no gloves)
SInv    .            (no boots)
Will    .....        (no amulet) Stlth
                     (no ring)
HPRegen 0.27/turn    (no ring)
MPRegen 0.14/turn

%: no passive effects
@: flying, heavily drained
A: no striking features
a: no special abilities


You were on level 4 of the Dungeon.
You visited 1 branch of the dungeon, and saw 4 of its levels.

You collected 240 gold pieces.

Inventory:

Hand Weapons
 a - a +1 war axe
 m - a +0 hand axe of electrocution
 p - the +8 broad axe of Infinity (weapon) {heavy, Fly rPois MP+9 Dex-5}
   (You acquired it on level 4 of the Dungeon)

   Dex:       It affects your dexterity (-5).
   rPois:     It protects you from poison.
   MP:        It affects your magic capacity (+9).
   Fly:       It grants you flight.
Armour
 b - a +0 scale mail (worn)
 c - a +0 buckler (worn)
Jewellery
 n - a ring of fire
Scrolls
 f - a scroll of teleportation
 g - 2 scrolls of amnesia
 o - 2 scrolls of blinking
Potions
 d - a potion of might
 e - a potion of invisibility
 h - a potion of ambrosia
 i - a potion of mutation {unknown}
 j - 2 potions of flight {unknown}
 k - a potion of haste {unknown}
 l - 2 potions of cancellation {unknown}


   Skills:
 + Level 4.4 Fighting
 + Level 4.7 Axes
 + Level 4.2 Armour
 + Level 0.3 Dodging
 + Level 4.1 Shields


You had 4 spell levels left.
You didn't know any spells.
Your spell library contained the following spells:

 Spells                   Type           Power      Damage    Failure   Level
 Magic Dart               Conj           0%         1d3       80%         1
 Searing Ray              Conj           0%         2d4       91%         2
 Dazzling Flash           Conj/Hex       0%         N/A       99%         3
 Volatile Blastmotes      Fire/Tloc      0%         2d10      99%         3
 Fulminant Prism          Conj/Hex       0%         3d5       100%        4
 Iskenderun's Mystic Bla  Conj/Tloc      0%         2d3       100%        4
 Starburst                Conj/Fire      0%         6d3       100%        6


Dungeon Overview and Level Annotations

Branches:
Dungeon (4/15)
 Temple: D:4-7

Altars:
Ru
Sif Muna
Vehumet

Shops:
D:4 ??


Message History

You block the orc's attack.
You slash the orc wizard!
The orc wizard is heavily wounded.
The orc wizard hits you with a +2 dagger of draining.
You feel drained. The orc closely misses you. The orc barely misses you.
The orc wizard completely misses you. The orc wizard casts a spell at you.
The puff of flame hits you! The orc wizard casts a spell at you.
The magic dart hits you! The orc barely misses you.
You hit the orc wizard.
The orc wizard is heavily wounded.
The orc wizard closely misses you. The orc hits you but does no damage.
The orc barely misses you.
The orc wizard hits you with a +2 dagger of draining.
You feel drained.
You hit the orc wizard.
The orc wizard is severely wounded.
The orc wizard hits you with a +2 dagger of draining.
You feel drained. The orc hits you but does no damage.
The orc hits you from afar with a +0 trident.
The orc wizard hits you with a +2 dagger of draining.
You feel drained.
You barely miss the orc wizard.
The orc wizard is severely wounded.
The orc wizard hits you with a +2 dagger of draining.
You feel drained.
* * * LOW HITPOINT WARNING * * *
The orc hits you from afar with a +0 trident.
* * * LOW HITPOINT WARNING * * *
The orc hits you from afar with a +0 trident.
* * * LOW HITPOINT WARNING * * *
The orc wizard gestures wildly while chanting.
The orc wizard flickers and vanishes!
Deactivating autopickup; reactivate with Ctrl-A.
You miss something.
You hear some strange, mumbled words.
A puff of flame appears from out of thin air!
The puff of flame hits you!
You die...

#............
###<........... .....
#..####....#'## ..... #..#
#....#... ...... #..#
#....#... .. ....o. #..#
#^...#... .. ......# ##..#
#....#... ..
.......#####...# #....'...
.[
.......oo{@....####....####
..
<......oo##'#####..........
..
.........#...#..#..........
..
.........#...#..#..........
..
.........#...#..#..........
##
.........#...#..#..........
.........#..###'#..........
.........####......########
.........+.##..##..+


You could see 4 orcs.

Vanquished Creatures
  A hound (D:4)
  Jessica (D:3)
  Robin (D:4)
  2 adders (D:3)
  An ufetubus (D:4)
  2 dart slugs
  5 orcs (D:3)
  2 bats (D:1)
  2 endoplasms
  5 giant cockroaches
  9 goblins
  6 hobgoblins
  4 jackals (D:2)
  3 quokkas
  7 ball pythons
  3 frilled lizards
  4 kobolds
  A rat (D:1)
59 creatures vanquished.

Notes
Turn   | Place    | Note
-------+----------+-------------------------------------------
     0 | D:1      | lonewolfV2 the Hill Orc Fighter began the quest for the
                  | Orb.
     0 | D:1      | Reached XP level 1. HP: 19/19 MP: 1/1
   321 | D:1      | Reached XP level 2. HP: 27/27 MP: 2/2
   795 | D:2      | Found a radiant altar of Vehumet.
   924 | D:2      | Reached XP level 3. HP: 30/33 MP: 3/3
  1217 | D:3      | Found a shimmering blue altar of Sif Muna.
  1329 | D:3      | Noticed Jessica
  1331 | D:3      | Killed Jessica
  1332 | D:3      | Reached XP level 4. HP: 33/40 MP: 4/4
  1554 | D:3      | Found a sacrificial altar of Ru.
  2209 | D:4      | Noticed Robin
  2224 | D:4      | Killed Robin
  2225 | D:4      | Reached XP level 5. HP: 47/47 MP: 5/5
  2239 | D:4      | Identified a scroll of acquirement
  2239 | D:4      | Acquired the +8 broad axe of Infinity {heavy, Fly rPois
                  | MP+9 Dex-5}
  2340 | D:4      | Found Laig Gou's Magic Scroll Boutique.
  2373 | D:4      | Found Lurise's Magic Scroll Shop.
  2516 | D:4      | Killed from afar by an orc wizard

Illustrated notes

Levels and vault maps discovered:
D:1:      amcnicky_arrival_gap_in_the_tavern_cellar, layout_loops_ring,
          st_stairs_9, palyth_stone_intersect, minmay_door_square,
          minmay_misc_feat_four_crosses, ebering_dispersal_statue_hall
D:2:      layout_rooms, basic_altar
D:3:      layout_loops_corners, mainiacjoe_overflow_small_starburst,
          mainiacjoe_overflow_tiny_flanked, dreamdust_princess_bridge,
          uniq_jessica
D:4:      layout_gridville, serial_shops, nicolae_square_shop, shop,
          kennysheep_orc_chapel, uniq_robin

Skill      XL: |  1  2  3  4 |
---------------+-------------+-----
Fighting       | 4 |  4.4
Axes           | 3 4 |  4.7
Armour         | 4 |  4.2
Shields        | 4 |  4.1
Dodging        | |  0.3

Action                     |  1- 3 |  4- 6 || total
---------------------------+-------+-------++-------
  Melee: War axe           |    78 |     1 ||    79
         Hand axe          |       |    52 ||    52
         Broad axe         |       |    15 ||    15
    Use: Scroll            |     7 |     1 ||     8
 Armour: Scale mail        |    37 |    36 ||    73
  Dodge: Dodged            |    35 |    43 ||    78
  Block: Buckler           |    27 |    24 ||    51
